 Dungeon Crawl Stone Soup version 0.22-a0-322-g60b3cfd (webtiles) character file.

10810 Amnesiac the Zephyrmancer (level 11, -9/97 HPs)
             Began as a Tengu Air Elementalist on Apr 2, 2018.
             Was a Priest of Sif Muna.
             Mangled by a manticore (12 damage)
             ... summoned by Kirke
             ... on level 12 of the Dungeon.
             The game lasted 00:25:12 (12034 turns).

Amnesiac the Zephyrmancer (Tengu Air Elementalist) Turns: 12034, Time: 00:25:12

Health: -9/97      AC: 25    Str:  9    XL:     11   Next: 67%
Magic:  23/41      EV:  2    Int: 19    God:    Sif Muna [***...]
Gold:   451        SH:  3    Dex: 14    Spells: 10/31 levels left

rFire    . . .     SeeInvis .   a - staff of power
rCold    . . .     Gourm    .   (no shield)
rNeg     + + +     Faith    .   (armour currently unavailable)
rPois    +         Spirit   .   (helmet currently unavailable)
rElec    .         Reflect  +   (cloak currently unavailable)
rCorr    .         Harm     .   (gloves currently unavailable)
MR       +....     NoTele   +   (boots unavailable)
Stlth    ++........             v - +3 amulet of reflection
HPRegen  0.26/turn              m - ring of protection from magic
MPRegen  0.27/turn              p - ring of wizardry

@: tree-form, slowed, invisible, divine energy, very slow
A: able to fly 1
a: Fly, Stop Divine Energy, Channel Magic, Renounce Religion


You were on level 12 of the Dungeon.
You worshipped Sif Muna.
Sif Muna was most pleased with you.
You were not hungry.
You were a tree.
You visited 2 branches of the dungeon, and saw 13 of its levels.

You collected 451 gold pieces.

Inventory:

Hand Weapons
 b - a +7 dire flail of draining
Armour
 e - a +0 pair of gloves (melded)
 h - a +1 robe of resistance (melded)
 k - a +2 ring mail of poison resistance
 y - +0 steam dragon scales
 D - a +0 buckler
 E - a +1 hat (melded)
 G - a +3 ring mail of fire resistance
 H - a +0 shield
Magical Staves
 a - an uncursed staff of power (weapon)
 o - an uncursed staff of fire
Jewellery
 m - a ring of protection from magic (left branch)
 p - a ring of wizardry (right branch)
 v - a +3 amulet of reflection (around neck)
Wands
 t - a wand of clouds (4)
 x - a wand of disintegration (7)
 J - a wand of acid (8)
Scrolls
 j - 6 scrolls of amnesia {!r}
 r - 2 scrolls of remove curse {!r}
 s - 3 scrolls of blinking {!r}
 w - a scroll of enchant armour {!r}
 z - a scroll of enchant weapon {!r}
 A - 3 scrolls of identify {!r}
 F - 2 scrolls of teleportation {!r}
 I - 2 scrolls of fog {!r}
 L - a scroll of silence {!r}
Potions
 d - 2 potions of ambrosia {!q}
 f - 3 potions of curing {!q}
 i - a potion of resistance {!q}
 l - a potion of agility {!q}
 n - 2 potions of brilliance {!q}
 u - 2 potions of flight {!q}
 B - 2 potions of haste {!q}
 C - a potion of mutation {!q}
 K - a potion of lignification {!q}
Miscellaneous
 q - a lamp of fire
Comestibles
 c - 13 rations


   Skills:
 - Level 6.3 Fighting
 - Level 10.2 Dodging
 - Level 2.0 Stealth
 * Level 10.9 Spellcasting
 - Level 1.3 Conjurations
 + Level 11.2 Air Magic


You had 10 spell levels left.
You knew the following spells:

 Your Spells              Type           Power        Failure   Level  Hunger
a - Airstrike             Air            ######....   1%          4    ##.....
b - Apportation           Tloc           ##....       2%          1    None
c - Confusing Touch       Hex            ##....       2%          1    None
d - Lightning Bolt        Conj/Air       ####......   6%          5    ####...
e - Mephitic Cloud        Conj/Pois/Air  ####....     1%          3    None
s - Conjure Flame         Conj/Fire      ##......     6%          3    None
v - Blink                 Tloc           N/A          4%          2    None
z - Swiftness             Chrm/Air       ####....     1%          2    None


Dungeon Overview and Level Annotations

Branches:
Dungeon (12/15)            Temple (1/1) D:4            Lair (0/6) D:11
    Orc: D:9-12

Altars:
Ashenzari
Cheibriados
Dithmenos
Elyvilon
Fedhas
Gozag
Hepliaklqana
Kikubaaqudgha
Makhleb
Nemelex Xobeh
Okawaru
Qazlal
Ru
Sif Muna
Trog
Uskayaw
Vehumet
Wu Jian
Xom
Yredelemnul
Zin
The Shining One

Shops:
D:4 (   D:10 [

Annotations:
D:12 Kirke


Innate Abilities, Weirdness & Mutations

((You have a beak for a mouth.))
((You have claws for feet.))
You can fly.


Message History

Confirm with . or Enter, or press ? or * to list all spells.
Aiming: Airstrike (safe; 1% risk of failure)
Press: ? - help, Dir - move target cursor, f/p - Kirke
Aim: Kirke (heavily wounded)
The air twists around and strikes Kirke!
Kirke is severely wounded.
The manticore bites you.
The manticore claws you but does no damage. x2
Kirke hits you but does no damage.
The manticore bites you but does no damage.
The manticore claws you.
The manticore claws you but does no damage.
The manticore bites you but does no damage.
The manticore claws you but does no damage.
The manticore claws you. The manticore bites you.
* * * LOW HITPOINT WARNING * * *
The manticore claws you but does no damage. x2
Casting: Airstrike (safe; 1% risk of failure)
Confirm with . or Enter, or press ? or * to list all spells.
Aiming: Airstrike (safe; 1% risk of failure)
Press: ? - help, Dir - move target cursor, f/p - Kirke
Aim: Kirke (heavily wounded)
The air twists around and strikes Kirke!
Kirke is severely wounded.
Kirke hits you but does no damage.
The manticore bites you but does no damage.
You block the manticore's attack.
The manticore claws you but does no damage.
The manticore bites you!
* * * LOW HITPOINT WARNING * * *
The manticore claws you but does no damage.
You block the manticore's attack. The manticore bites you.
* * * LOW HITPOINT WARNING * * *
The manticore claws you.
* * * LOW HITPOINT WARNING * * *
The manticore claws you.
* * * LOW HITPOINT WARNING * * *
Kirke hits you but does no damage.
The manticore bites you but does no damage.
The manticore claws you.
* * * LOW HITPOINT WARNING * * *
The manticore claws you.
* * * LOW HITPOINT WARNING * * *
The manticore bites you!
* * * LOW HITPOINT WARNING * * *
The manticore claws you.
* * * LOW HITPOINT WARNING * * *
The manticore claws you but does no damage.
Okay, then.
Really quaff
g - a potion of invisibility {!q}?
You fade into invisibility!
The manticore bites you but does no damage.
The manticore completely misses you.
The manticore claws you but does no damage.
Kirke casts a spell at you. You resist with some effort.
The kobold throws a stone.
The stone hits the manticore but does no damage.
The manticore bites you but does no damage.
The manticore claws you but does no damage. x2
The manticore bites you!
* * * LOW HITPOINT WARNING * * *
The manticore claws you but does no damage. x2
The manticore bites you!
You die...

..##########...
......H♣HK.....
.......H@K.....
..############.


You could see Kirke, 3 manticores and 2 kobolds.

Vanquished Creatures
  2 two-headed ogres
  2 ugly things (D:11)
  A cyclops (D:11)
  2 manticores (D:11)
  An elephant (D:11)
  The ghost of Amnesiac the Zephyrmancer, a novice TeAE (D:4)
  Prince Ribbit (D:8)
  2 trolls
  A hippogriff (D:11)
  2 wyverns (D:9)
  A vampire (D:7)
  3 hogs (D:12)
  2 basilisks (D:11)
  A steam dragon (D:11)
  Edmund (D:6)
  Duvessa (D:4)
  An orc warrior (D:6)
  2 sky beasts
  3 phantoms
  5 ice beasts
  2 necrophages
  6 ogres
  A crocodile (D:7)
  A big kobold (D:8)
  3 bullfrogs
  Dowan (D:4)
  A scorpion (D:4)
  17 killer bees
  4 wights (D:10)
  7 howler monkeys
  6 crimson imps
  A bullfrog zombie (D:6)
  A centaur zombie (D:9)
  5 hounds
  A jelly (D:7)
  11 orc priests
  An iguana (D:11)
  10 orc wizards
  6 worker ants
  4 hound zombies
  2 hound skeletons
  A worker ant zombie (D:6)
  Robin (D:4)
  9 gnolls
  11 adders
  An ooze (D:2)
  An adder zombie (D:6)
  2 adder skeletons
  2 worms
  2 dart slugs
  7 leopard geckos
  40 orcs
  7 giant cockroaches
  17 goblins
  9 hobgoblins
  15 jackals
  9 kobolds
  2 quokkas
  7 bats
  9 frilled lizards
  A quokka zombie (D:8)
  5 rats
284 creatures vanquished.

Notes
Turn   | Place    | Note
-------+----------+-------------------------------------------
     0 | D:1      | Amnesiac the Tengu Air Elementalist began the quest for the Orb.
     0 | D:1      | Reached XP level 1. HP: 10/10 MP: 4/4
   234 | D:1      | Reached XP level 2. HP: 6/15 MP: 1/6
   617 | D:1      | Reached skill level 5 in Air Magic
   650 | D:1      | Reached XP level 3. HP: 18/19 MP: 7/7
   654 | D:1      | Learned a level 2 spell: Swiftness
   856 | D:2      | Reached XP level 4. HP: 11/24 MP: 0/9
   866 | D:2      | Learned a level 4 spell: Airstrike
  1089 | D:2      | Reached skill level 6 in Air Magic
  1133 | D:2      | Found a shadowy altar of Dithmenos.
  1193 | D:2      | Found a bloodstained altar of Trog.
  1819 | D:3      | Gained mutation: You can fly. [Tengu growth]
  1819 | D:3      | Reached XP level 5. HP: 28/28 MP: 8/10
  2022 | D:3      | Found a radiant altar of Vehumet.
  2166 | D:3      | Reached skill level 7 in Air Magic
  2223 | D:3      | Noticed a phantom
  2243 | D:3      | Killed a phantom
  2243 | D:3      | Reached XP level 6. HP: 27/32 MP: 0/12
  2422 | D:3      | Reached skill level 8 in Air Magic
  2558 | D:3      | Found a hazy altar of Hepliaklqana.
  2673 | D:3      | Reached XP level 7. HP: 37/37 MP: 8/14
  3230 | D:3      | Learned a level 5 spell: Lightning Bolt
  3264 | D:4      | Noticed Duvessa
  3264 | D:4      | Noticed Dowan
  3325 | D:4      | Killed Duvessa
  3325 | D:4      | Reached skill level 1 in Fighting
  3341 | D:4      | Killed Dowan
  3835 | D:4      | Noticed Robin
  3844 | D:4      | Killed Robin
  3859 | D:4      | Reached skill level 5 in Spellcasting
  3905 | D:4      | Noticed Amnesiac's ghost (novice TeAE)
  3925 | D:5      | Entered Level 5 of the Dungeon
  3941 | D:5      | Reached XP level 8. HP: 42/45 MP: 1/16
  4172 | D:4      | Killed Amnesiac's ghost
  4172 | D:4      | Reached skill level 5 in Dodging
  4248 | D:4      | Learned a level 2 spell: Blink
  4252 | D:4      | Learned a level 3 spell: Mephitic Cloud
  4323 | D:4      | Found Jaedub's Antique Weapon Boutique.
  4359 | D:4      | Found a staircase to the Ecumenical Temple.
  4370 | Temple   | Entered the Ecumenical Temple
  4722 | D:4      | You fall through a shaft for 3 floors!
  4998 | D:7      | Found a hide-covered altar of Uskayaw.
  5179 | D:7      | Reached XP level 9. HP: 13/52 MP: 2/19
  5405 | D:6      | Noticed Edmund
  6025 | D:6      | Found a sacrificial altar of Ru.
  6080 | D:6      | Killed Edmund
  6523 | D:5      | Found an ornate altar of the Wu Jian Council.
  6558 | D:5      | Found a shimmering altar of Xom.
  6711 | D:5      | Reached skill level 5 in Fighting
  6858 | D:6      | Found a stormy altar of Qazlal.
  6922 | D:6      | Learned a level 3 spell: Conjure Flame
  6939 | D:6      | Found a shimmering altar of Xom.
  7636 | D:8      | Noticed Prince Ribbit
  7638 | D:8      | Noticed a two-headed ogre
  7954 | D:8      | Noticed a troll
  7958 | D:8      | Killed a troll
  7958 | D:8      | Reached XP level 10. HP: 60/60 MP: 4/21
  8017 | D:8      | Killed Prince Ribbit
  8127 | D:8      | Killed a two-headed ogre
  8127 | D:8      | Reached skill level 10 in Dodging
  8713 | D:9      | Found a deep blue altar of Sif Muna.
  8715 | D:9      | Found a burning altar of Makhleb.
  8719 | D:9      | Became a worshipper of Sif Muna the Loreminder
  8725 | D:9      | Learned a level 1 spell: Apportation
  8727 | D:9      | Learned a level 1 spell: Confusing Touch
  8755 | D:9      | Found a sacrificial altar of Ru.
  8861 | D:9      | Noticed a two-headed ogre
  8911 | D:9      | Killed a two-headed ogre
  8954 | D:9      | Reached * piety under Sif Muna
  8984 | D:9      | Reached skill level 9 in Air Magic
  9241 | D:9      | Found a glowing golden altar of the Shining One.
  9289 | D:9      | Found a glowing silver altar of Zin.
  9444 | D:10     | Entered Level 10 of the Dungeon
  9588 | D:10     | Found Vaugisid's Armour Emporium.
 10151 | D:11     | Reached XP level 11. HP: 65/65 MP: 25/25
 10290 | D:11     | Noticed a cyan ugly thing
 10295 | D:11     | Killed a cyan ugly thing
 10295 | D:11     | Reached skill level 10 in Air Magic
 10550 | D:11     | Reached ** piety under Sif Muna
 10696 | D:11     | Reached skill level 10 in Spellcasting
 10771 | D:11     | Noticed a green ugly thing
 10784 | D:11     | Killed a green ugly thing
 10920 | D:11     | Found a staircase to the Lair.
 11221 | D:11     | Noticed a cyclops
 11233 | D:11     | Killed a cyclops
 11305 | D:11     | Noticed a manticore
 11307 | D:11     | Killed a manticore
 11310 | D:11     | Noticed a manticore
 11348 | D:11     | Killed a manticore
 11348 | D:11     | Reached skill level 11 in Air Magic
 11679 | D:11     | Reached *** piety under Sif Muna
 12007 | D:12     | Noticed Kirke
 12016 | D:12     | Noticed a manticore
 12028 | D:12     | Noticed a manticore
 12030 | D:12     | Noticed a manticore
 12034 | D:12     | HP: 3/97 [manticore[Kirke] (10)]
 12034 | D:12     | Mangled by a manticore

Vault maps used:
D:1:      dpeg_arrival_another_circle, minmay_misc_feat_chi
D:2:      lemuel_coloured_pillars_altar, grunt_dithmenos_smoke_and_mirrors
D:3:      vehumet_crystals, lemuel_round_altar, first_ration
D:4:      minmay_temple_entry_enclosed_plants, serial_shops,
          nicolae_shop_crystal, uniq_robin, uniq_duvessa
D:5:      lemuel_doored_altar, led_xom_imps, kennysheep_generic_room_16
D:6:      old_standard_altar, basic_altar, kennysheep_another_room,
          nicolae_ru_awakened_eye, uniq_edmund
D:7:      eat_drink_and_be_merry_uskayaw
D:8:      uniq_prince_ribbit1
D:9:      kennysheep_little_box, kennysheep_mini_moat,
          chequers_temple_overflow_statue_of_worship, tso_metal_star
D:10:     serial_shops, shop
D:11:     david_lair_generic
D:12:     uniq_kirke
Temple:   compressed_dpeg_circular_temple

Skill      XL: |  1  2  3  4  5  6  7  8  9 10 11 |
---------------+----------------------------------+-----
Air Magic      | 5 6 7 8 9 11 | 11.2
Spellcasting   | 3 4 5 6 7 9 10 | 10.9
Fighting       | 2 4 5 6 |  6.3
Dodging        | 4 7 9 10 | 10.2
Stealth        | |  2.0
Conjurations   | |  1.3

Action                   |  1- 3 |  4- 6 |  7- 9 | 10-12 || total
-------------------------+-------+-------+-------+-------++-------
Melee: Unarmed           |     2 |       |       |       ||     2
       Peck              |     2 |     6 |    39 |    10 ||    57
       Spear             |    14 |       |       |       ||    14
       Kick              |     2 |     8 |    79 |    12 ||   101
       Short sword       |       |    58 |   207 |       ||   265
       Dire flail        |       |       |   116 |    53 ||   169
       Staff             |       |       |       |     2 ||     2
 Cast: Shock             |    28 |    78 |     5 |       ||   111
       Airstrike         |       |     2 |    84 |   168 ||   254
       Mephitic Cloud    |       |       |     5 |     1 ||     6
       Conjure Flame     |       |       |       |     3 ||     3
Invok: Divine Energy     |       |       |       |     1 ||     1
 Abil: Fly               |       |     2 |     1 |     1 ||     4
Evoke: Wand              |       |       |       |    13 ||    13
  Use: Scroll            |       |       |    15 |     8 ||    23
       Potion            |       |       |     5 |     8 ||    13
 Stab: Sleeping          |     1 |       |     1 |       ||     2
       Confused          |       |       |     2 |       ||     2
  Eat: Chunk             |       |     6 |    28 |     7 ||    41
       Ration            |       |       |     1 |     6 ||     7
Armor: Robe              |     2 |       |     6 |    16 ||    24
       Ring mail         |       |    28 |   133 |       ||   161
       Skin              |       |       |       |    66 ||    66
Dodge: Dodged            |    18 |    50 |   306 |    78 ||   452
Block: Other             |       |       |    51 |    16 ||    67
       Reflection        |       |       |     1 |       ||     1

Table legend:
 A = Spawn XP
 B = Non-spawn XP
 C = Spawn XP percentage of total XP
 D = Spawn monster count
 E = Non-spawn monster count
 F = Spawn count percentage of total count
 G = Total turns spent on level
                    A         B        C        D         E        F      G
               +---------+---------+-------+---------+---------+-------+---------
         Total |       0 |   15443 |   0.0 |       0 |     284 |   0.0 | 12034
               +---------+---------+-------+---------+---------+-------+---------
           D:1 |       0 |      35 |   0.0 |       0 |      14 |   0.0 |   773
           D:2 |       0 |     128 |   0.0 |       0 |      27 |   0.0 |  1043
           D:3 |       0 |     459 |   0.0 |       0 |      34 |   0.0 |  1417
           D:4 |       0 |     960 |   0.0 |       0 |      31 |   0.0 |  1287
           D:5 |       0 |     550 |   0.0 |       0 |      26 |   0.0 |   809
           D:6 |       0 |     836 |   0.0 |       0 |      32 |   0.0 |   856
           D:7 |       0 |    1336 |   0.0 |       0 |      33 |   0.0 |  1340
           D:8 |       0 |    1910 |   0.0 |       0 |      21 |   0.0 |  1043
           D:9 |       0 |    2604 |   0.0 |       0 |      23 |   0.0 |   747
          D:10 |       0 |     382 |   0.0 |       0 |       7 |   0.0 |   704
          D:11 |       0 |    5684 |   0.0 |       0 |      33 |   0.0 |  1859
          D:12 |       0 |     559 |   0.0 |       0 |       3 |   0.0 |    27
               +---------+---------+-------+---------+---------+-------+---------
